 Dungeon Crawl Stone Soup version 0.28.0-53-g5a82cb258f (webtiles) character file.

Game seed: 11406358185782207226

112297 doricub5 the Slayer (level 16, 0/256 HPs)
             Began as a Minotaur Berserker on Aug 14, 2022.
             Was an Elder of Trog.
             Succumbed to Donald's poison
             ... on level 2 of the Shoals.
             The game lasted 02:35:35 (28965 turns).

doricub5 the Slayer (Minotaur Berserker)           Turns: 28965, Time: 02:35:37

Health: 0/256      AC: 30    Str: 36    XL:     16   Next: 11%
Magic:  24/24      EV: 12    Int:  9    God:    Trog [****..]
Gold:   274        SH:  0    Dex: 10    Spells: 15/15 levels left

rFire   . . .      SeeInvis .   e - +8 demon trident "Rift" {distort, reach+}
rCold   + + .      Faith    .   (no shield)
rNeg    . . .      Spirit   .   J - +2 plate armour "Dyatash" {MP+9}
rPois   +          Reflect  .   (helmet restricted)
rElec   .          Harm     .   I - +2 cloak {Will+}
rCorr   .          Rampage  .   (no gloves)
Will    +++++                   E - +1 pair of boots
Stlth   ..........              H - amulet of Woaz {RegenMP rPois rC++}
HPRegen 1.52/turn               y - ring of Plog {Will+ Int+5}
MPRegen 0.59/turn               w - +6 ring of strength

@: berserking, lethally poisoned (0 -> -3), lit by a corona, afraid,
strong-willed, regenerating, glowing, slow
A: horns 2, retaliatory headbutt, talons 1, iridescent scales 2
a: Renounce Religion, Berserk, Trog's Hand, Brothers in Arms


You were on level 2 of the Shoals.
You worshipped Trog.
Trog was greatly pleased with you.
You visited 4 branches of the dungeon, and saw 25 of its levels.
You also visited: Bailey and Gauntlet.

You collected 2412 gold pieces.
You spent 2138 gold pieces at shops.

Inventory:

Hand Weapons
 e - the +8 demon trident "Rift" (weapon) {distort, reach+}
   (You bought it in a shop on level 1 of the Dungeon)

   It warps and distorts space around it, and may blink, banish, or inflict
   extra damage upon those it strikes.
   Unwielding it can cause banishment or high damage.
   It can reach especially far, and its reaching attacks ignore other creatures
   in the way.
 g - a +5 broad axe of flaming
 M - a +1 demon trident of freezing
 S - a +3 bardiche of flaming
 V - a +6 vorpal glaive
Missiles
 s - 3 throwing nets
 G - 5 javelins (quivered)
Armour
 E - a +1 pair of boots (worn)
 I - a +2 cloak of willpower (worn)
 J - the +2 plate armour "Dyatash" (worn) {MP+9}
   (You bought it in a shop on level 2 of the Orcish Mines)

   MP:        It affects your magic capacity (+9).
 P - a +2 cloak of poison resistance
Jewellery
 h - an amulet of regeneration
 o - a +4 ring of evasion
 p - the amulet of Okeb {Acrobat -Tele rC+++ rCorr Str+2}
   (You found it in a Gauntlet)

   [amulet of the acrobat]

   It increases your evasion while moving and waiting.
   Str:       It affects your strength (+2).
   rC:        It renders you almost immune to cold.
   -Tele:     It prevents most forms of teleportation.
   rCorr:     It protects you from acid and corrosion.
 t - an amulet of faith
 w - a +6 ring of strength (right hand)
 x - a +6 ring of dexterity
 y - the ring of Plog (left hand) {Will+ Int+5}
   (You found it in a Gauntlet)

   [ring of willpower]

   Int:       It affects your intelligence (+5).
   Will:      It increases your willpower.
 H - the amulet of Woaz (around neck) {RegenMP rPois rC++}
   (You found it on level 9 of the Dungeon)

   [amulet of magic regeneration]

   It increases your rate of magic regeneration.
   rC:        It greatly protects you from cold.
   rPois:     It protects you from poison.
 R - a +4 ring of protection
Wands
 j - a wand of iceblast (17)
 k - a wand of paralysis (4)
 n - a wand of acid (3)
 A - a wand of flame (29)
 K - a wand of mindburst (5)
 O - a wand of polymorph (4)
Scrolls
 a - 5 scrolls of fog
 b - 3 scrolls of summoning
 c - 9 scrolls of teleportation
 i - 4 scrolls of torment
 m - 3 scrolls of fear
 v - 2 scrolls of holy word
 D - 2 scrolls of blinking
 L - a scroll of enchant weapon
 Q - 6 scrolls of vulnerability
Potions
 d - 6 potions of might
 f - 6 potions of heal wounds
 l - a potion of flight
 q - 3 potions of haste
 r - 2 potions of curing
 u - 3 potions of resistance
 z - 4 potions of invisibility
 C - 2 potions of cancellation {unknown}
 N - a potion of ambrosia {unknown}
 U - 2 potions of mutation
Miscellaneous
 F - a condenser vane (inert)


   Skills:
 * Level 22.9 Fighting
 - Level 3.6(8.4) Axes
 + Level 11.9(12.1) Polearms
 + Level 1.2 Throwing
 + Level 16.8 Armour
 - Level 10.0 Dodging
 - Level 10.0 Evocations


You had 15 spell levels left.
You didn't know any spells.
Your spell library was empty.

Dungeon Overview and Level Annotations

Branches:
Dungeon (15/15)            Temple (0/1) D:6            Lair (6/6) D:10
 Shoals (2/4) Lair:2        Snake (0/4) Lair:3        Slime (0/5) Lair:6
    Orc (2/2) D:12            Elf (0/3) Orc:2        Vaults (0/5) D:14
 Bailey (visited)         Gauntlet (visited)
 Depths: D:15

Altars:
Dithmenos
Elyvilon
Gozag
Hepliaklqana
Kikubaaqudgha
Nemelex Xobeh
Okawaru
Ru
Sif Muna
Xom
Yredelemnul
Zin
The Shining One
Beogh

Shops:
D:1 (   D:4 *   Orc:1 *   Orc:2 !*:[:   Shoals:1 *

Portals:
Pandemonium: Orc:2

Annotations:
D:5 diggable cache of items
D:7 scroll on island in deep water
D:9 ring of poison resistance
Shoals:2 Donald
Abyss:1 Nessos


Innate Abilities, Weirdness & Mutations

You have a pair of horns on your head.
You reflexively headbutt those who attack you in melee.
You have sharp toenails.
You are mostly covered in iridescent scales. (AC +4)


Message History

The stone hits you but does no damage.
Donald says, "So, are you allowed to read books?"
Donald hits you from afar with a +2 demon trident of venom!
* * * LOW HITPOINT WARNING * * *
You are more poisoned.
Reach: e) +8 demon trident "Rift" {distort, reach+}
Press: ? - help, Dir - move target, f/p - Donald
Aim: Donald, wielding a +2 demon trident of venom, wearing a +0 chain mail and wearing a +0 kite shield (about 17% to evade the +8 demon trident "Rift")
You closely miss Donald.
You feel sick.
You cannot move closer to the satyr!
Reach: e) +8 demon trident "Rift" {distort, reach+}
Press: ? - help, Dir - move target, f/p - Donald
Aim: Donald, wielding a +2 demon trident of venom, wearing a +0 chain mail and wearing a +0 kite shield (about 17% to evade the +8 demon trident "Rift") Donald blocks your attack.
You feel your willpower return.
You feel sick.
The faun shoots a sling bullet.
The sling bullet hits you!
* * * LOW HITPOINT WARNING * * *
The sling bullet burns you.
* * * LOW HITPOINT WARNING * * *
The faun shoots a stone.
The stone hits you but does no damage.
Reach: e) +8 demon trident "Rift" {distort, reach+}
Press: ? - help, Dir - move target, f/p - Donald
Aim: Donald, wielding a +2 demon trident of venom, wearing a +0 chain mail and wearing a +0 kite shield (about 17% to evade the +8 demon trident "Rift") Donald blocks your attack.
* * * LOW HITPOINT WARNING * * *
You feel sick.
Donald gestures wildly while chanting.
Donald seems to grow stronger.
Reach: e) +8 demon trident "Rift" {distort, reach+}
Press: ? - help, Dir - move target, f/p - Donald
Aim: Donald, wielding a +2 demon trident of venom, wearing a +0 chain mail and wearing a +0 kite shield (strong, about 17% to evade the +8 demon trident "Rift")
Your unstable footing causes you to fumble your attack.
* * * LOW HITPOINT WARNING * * *
You feel sick.
The faun shoots a sling bullet.
The sling bullet hits you but does no damage.
Reach: e) +8 demon trident "Rift" {distort, reach+}
Press: ? - help, Dir - move target, f/p - Donald
Aim: Donald, wielding a +2 demon trident of venom, wearing a +0 chain mail and wearing a +0 kite shield (strong, about 17% to evade the +8 demon trident "Rift") Donald blocks your attack.
You die...

≈≈≈≈≈≈≈≈≈≈≈≈≈≈#
≈≈≈≈≈≈≈≈≈≈≈≈≈≈≈#
≈≈≈≈≈≈≈≈≈≈≈≈≈≈≈#
.≈≈≈≈≈≈≈≈≈≈≈≈≈≈#
....###..≈≈≈≈≈≈≈≈≈≈≈≈≈≈≈#
.......^.≈≈≈≈≈≈≈≈≈≈≈≈≈≈≈#
.......≈≈≈≈≈≈≈≈≈@≈≈≈≈≈≈≈#
#......≈≈≈≈≈≈≈≈≈≈≈≈≈≈≈≈≈#
≈≈...≈≈≈≈≈≈≈≈≈≈!@≈≈≈≈≈≈≈#
≈.....≈≈≈≈≈≈≈≈≈†≈≈≈≈≈≈≈≈#
(P.....≈≈≈≈≈≈≈≈≈≈≈≈≈≈≈≈≈#
≈≈≈≈.≈≈..≈≈...≈≈≈≈≈≈≈≈≈≈#
≈≈≈≈≈≈≈.<≈≈≈$≈cc≈≈≈≈≈≈≈≈#
.≈.≈≈≈...≈≈c≈≈≈≈≈≈≈≈≈≈≈≈#
.........≈≈c≈≈≈≈≈≈≈≈≈≈≈≈#
............≈≈≈≈≈≈≈≈≈≈≈≈
##.....c#....≈≈.≈≈≈≈≈≈


You could see Donald (strong), a satyr (scary) and 3 fauns.

Vanquished Creatures
  Nikola (Shoals:1)
  Jorgrun (Shoals:1)
  Mlioglotl (Shoals:1)
  Ilsuiw (Shoals:1)
  2 dire elephants (Lair:6)
  Snorg (D:11)
  2 ettins (Orc:2)
  A boulder beetle (D:14)
  Josephine (D:10)
  4 hydras
  A demonspawn (Orc:2)
  An ogre mage (D:14)
  2 merfolk avatars
  A death knight (D:13)
  10 two-headed ogres
  2 centaur warriors
  A tengu warrior (D:14)
  5 death yaks (Lair:5)
  6 orc high priests
  Sonja (Lair:5)
  2 skeletal warriors
  A spectral anaconda (Lair:6)
  A phantasmal warrior (D:13)
  An obsidian statue (Lair:6)
  5 sea snakes (Shoals:1)
  Pikel (D:8)
  A lindwurm (shapeshifter) (D:11)
  5 necromancers
  8 harpies
  5 orc knights
  A deep elf pyromancer (D:14)
  7 orc sorcerers (Orc:2)
  4 cyclopes
  5 ugly things
  6 manticores
  3 merfolk sirens (Shoals:2)
  8 elephants (Lair:6)
  A torpor snail (Lair:2)
  5 black mambas
  Maurice (D:10)
  16 cane toads
  A water nymph (Shoals:1)
  2 unseen horrors (D:10)
  5 kobold demonologists
  2 dire elephant skeletons (Lair:6)
  5 rime drakes
  10 komodo dragons
  A freezing wraith (D:13)
  3 meliai (Gauntlet)
  7 trolls
  3 merfolk (Shoals:1)
  3 wind drakes
  21 blink frogs
  A blink frog (shapeshifter) (D:14)
  A harpy skeleton (D:14)
  3 polar bears
  4 snapping turtles (Shoals:1)
  14 dream sheep (Lair:3)
  3 spectral elephants (Lair:6)
  Prince Ribbit (D:7)
  5 slime creatures (D:15)
  A ynoxinul (Orc:2)
  5 shadows
  2 vampires
  27 yaks
  6 wraiths
  5 wyverns
  7 basilisks
  A chaos spawn (Orc:2)
  6 vampire mosquitoes
  2 death yak simulacra (Lair:6)
  4 steam dragons
  A spectral cane toad (Lair:6)
  2 wargs
  13 water moccasins
  2 acid dragons
  A sky beast (D:8)
  35 orc warriors
  4 black bears
  5 wolves (Lair:3)
  7 ogres
  An elephant skeleton (Lair:6)
  11 centaurs
  5 kobold brigands
  11 bullfrogs
  Blork the orc (D:6)
  A gnoll sergeant (D:12)
  4 cane toad simulacra (Lair:6)
  4 scorpions
  A wyvern skeleton (D:6)
  4 water moccasin skeletons
  An elephant simulacrum (Lair:6)
  19 killer bees
  4 centaur zombies
  5 electric eels
  3 bullfrog zombies
  A bullfrog skeleton (D:5)
  5 jellies
  4 centaur skeletons
  27 orc priests
  Crazy Yiuf (D:6)
  5 hounds
  A gnoll shaman (D:7)
  4 iguanas
  24 orc wizards
  4 yak simulacra (D:12)
  A polar bear simulacrum (D:12)
  A killer bee zombie (D:8)
  5 wolf simulacra (D:12)
  A hound skeleton (D:4)
  A howler monkey zombie (D:7)
  Robin (D:3)
  5 adders
  25 gnolls
  A white imp (D:5)
  An ufetubus (D:7)
  2 dart slugs
  A worm (D:5)
  103 orcs
  8 ball pythons
  5 bats
  6 endoplasms
  4 giant cockroaches
  17 goblins
  12 hobgoblins
  2 jackals (D:4)
  A quokka (D:2)
  7 frilled lizards
  19 kobolds
  5 rats
  A river rat simulacrum (D:12)
  A butterfly (Lair:1)
750 creatures vanquished.

Vanquished Creatures (collateral kills)
  2 orc knights
  An orc warrior (Orc:1)
  2 orc priests
  2 orcs
7 creatures vanquished.

Vanquished Creatures (others)
  4 orc wizards
  A gnoll (D:7)
  A bush (Lair:3)
  24 fungi
  70 plants
  21 withered plants (Lair:6)
121 creatures vanquished.

Grand Total: 878 creatures vanquished

Notes
Turn   | Place    | Note
-------+----------+-------------------------------------------
     0 | D:1      | doricub5 the Minotaur Berserker began the quest for the
                  | Orb.
     0 | D:1      | Reached XP level 1. HP: 19/19 MP: 0/0
   278 | D:1      | Reached skill level 4 in Fighting
   286 | D:1      | Reached XP level 2. HP: 24/27 MP: 1/1
   418 | D:1      | Found Tuezauhomp's Weapon Emporium.
   759 | D:2      | Reached XP level 3. HP: 34/34 MP: 2/2
   835 | D:2      | Reached ** piety under Trog
  1275 | D:2      | Reached skill level 5 in Fighting
  1275 | D:2      | Reached XP level 4. HP: 36/42 MP: 3/3
  1396 | D:3      | Noticed Robin
  1420 | D:3      | Killed Robin
  1463 | D:3      | Reached XP level 5. HP: 49/49 MP: 4/4
  1544 | D:3      | Found a faded altar of an unknown god.
  1768 | D:3      | Reached skill level 6 in Fighting
  1905 | D:3      | Reached *** piety under Trog
  1958 | D:4      | Found a white marble altar of Elyvilon.
  1978 | D:4      | Found a glowing golden altar of the Shining One.
  1979 | D:4      | Noticed an ogre
  1984 | D:4      | Killed an ogre
  1985 | D:4      | Reached XP level 6. HP: 58/58 MP: 5/5
  2140 | D:4      | Noticed an orc warrior
  2152 | D:4      | Killed an orc warrior
  2153 | D:4      | Reached skill level 7 in Fighting
  2153 | D:4      | Reached XP level 7. HP: 66/66 MP: 6/6
  2155 | D:4      | Reached skill level 5 in Armour
  2208 | D:4      | Found an opulent altar of Gozag.
  2208 | D:4      | Found a sacrificial altar of Ru.
  2211 | D:4      | Found a shadowy altar of Dithmenos.
  2449 | D:4      | Found Requolaah's Assorted Antiques.
  2452 | D:4      | Bought a fuming cyan potion for 18 gold pieces
  2452 | D:4      | Bought a murky blue potion for 18 gold pieces
  2504 | D:5      | Entered Level 5 of the Dungeon
  2526 | D:5      | Found a sparkling altar of Nemelex Xobeh.
  2616 | D:5      | Reached skill level 8 in Fighting
  2616 | D:5      | Reached skill level 5 in Dodging
  2716 | D:5      | Reached XP level 8. HP: 46/75 MP: 7/7
  2870 | D:5      | Reached skill level 9 in Fighting
  3170 | D:5      | Reached **** piety under Trog
  3180 | D:5      | Found an iron altar of Okawaru.
  3534 | D:6      | Noticed Blork the orc
  3545 | D:6      | Killed Blork the orc
  3551 | D:6      | Reached skill level 10 in Fighting
  3641 | D:6      | Found a staircase to the Ecumenical Temple.
  3935 | D:6      | Reached XP level 9. HP: 58/86 MP: 8/8
  4265 | D:6      | Found a runed translucent door.
  4266 | D:6      | Noticed Crazy Yiuf
  4274 | D:6      | Killed Crazy Yiuf
  4785 | D:7      | Reached skill level 11 in Fighting
  4941 | D:7      | Noticed Prince Ribbit
  5176 | D:7      | Killed Prince Ribbit
  5887 | D:8      | Reached skill level 12 in Fighting
  5895 | D:8      | Reached ***** piety under Trog
  6342 | D:8      | Reached XP level 10. HP: 72/100 MP: 9/9
  6605 | D:8      | Noticed Pikel
  6613 | D:8      | Reached skill level 13 in Fighting
  6659 | D:8      | Killed Pikel
  6936 | D:8      | Received a gift from Trog
  7076 | D:8      | Found a shimmering altar of Xom.
  7077 | D:8      | Found a hazy altar of Hepliaklqana.
  7087 | D:8      | Found a shimmering blue altar of Sif Muna.
  7459 | D:9      | Identified the amulet of Woaz {RegenMP rPois rC++}
  7675 | D:9      | Identified the +0 scale mail "Cyigu" {Rampage *Slow Int+3}
  7708 | D:9      | Reached skill level 1 in Evocations
  7818 | D:9      | Found a flagged portal.
  7833 | D:9      | Reached skill level 10 in Armour
  7838 | Bailey   | Entered a bailey
  8183 | D:9      | Reached skill level 14 in Fighting
  8337 | D:9      | Identified the +4 hunting sling of Wyrd {speed, rF- Str+6
                  | Stlth+}
  8481 | D:10     | Entered Level 10 of the Dungeon
  8733 | D:10     | Noticed Maurice
  8742 | D:10     | Noticed a two-headed ogre
  8746 | D:10     | Killed Maurice
  8753 | D:10     | Killed a two-headed ogre
  8754 | D:10     | Reached XP level 11. HP: 111/111 MP: 10/10
  8916 | D:10     | Noticed Josephine
  8939 | D:10     | Killed Josephine
  9498 | D:10     | Noticed a two-headed ogre
  9511 | D:10     | Killed a two-headed ogre
  9512 | D:10     | Reached skill level 15 in Fighting
  9588 | D:10     | Found a staircase to the Lair.
  9623 | D:10     | Noticed a two-headed ogre
  9630 | D:10     | Killed a two-headed ogre
  9631 | D:10     | Reached skill level 10 in Dodging
  9747 | D:10     | Found an ancient bone altar of Kikubaaqudgha.
 10131 | D:11     | Noticed a lindwurm
 10155 | D:11     | Killed a lindwurm
 10209 | D:11     | Noticed a soul eater
 10215 | D:11     | Received a gift from Trog
 10471 | D:11     | Gained mutation: You have sharp toenails. [potion of
                  | mutation]
 10471 | D:11     | Gained mutation: You are partially covered in iridescent
                  | scales. (AC +2) [potion of mutation]
 10471 | D:11     | Gained mutation: You are mostly covered in iridescent
                  | scales. (AC +4) [potion of mutation]
 10836 | D:11     | Noticed a two-headed ogre
 10843 | D:11     | Killed a two-headed ogre
 10844 | D:11     | Reached skill level 16 in Fighting
 10934 | D:11     | Noticed Snorg
 10934 | D:11     | Noticed a five-headed hydra
 10941 | D:11     | Killed a five-headed hydra
 10948 | D:11     | HP: 2/171 [Snorg (11)]
 10949 | D:11     | Killed Snorg
 10950 | D:11     | Reached XP level 12. HP: 2/122 MP: 11/11
 11293 | D:11     | Reached skill level 5 in Evocations
 11652 | D:11     | Noticed an eight-headed hydra
 11660 | D:11     | Killed a six-headed hydra
 11897 | Lair:1   | Entered Level 1 of the Lair of Beasts
 11909 | Lair:1   | Identified the +4 mace of Viaryer {antimagic, *Rage rC+
                  | Int+4 SInv}
 12920 | Lair:2   | Found a staircase to the Shoals.
 12978 | Lair:2   | Reached skill level 17 in Fighting
 13637 | Lair:3   | Reached skill level 1 in Polearms
 14233 | Lair:3   | Noticed an eight-headed hydra
 14241 | Lair:3   | Killed a seven-headed hydra
 14278 | Lair:3   | Identified the +0 helmet of Lucidity {Harm Drain rF+ Int+4}
 14788 | Lair:3   | Reached skill level 18 in Fighting
 14874 | Lair:3   | Reached XP level 13. HP: 100/134 MP: 12/12
 15014 | Lair:3   | Received a gift from Trog
 15041 | Lair:3   | Found a staircase to the Snake Pit.
 15300 | Lair:4   | Identified the +5 rapier of the Slicing Tiger {vorpal,
                  | *Noise Str+5}
 15438 | Lair:4   | Reached skill level 5 in Polearms
 16676 | Lair:5   | Noticed Sonja
 16701 | Lair:5   | Killed Sonja
 16831 | Lair:5   | Reached skill level 19 in Fighting
 16974 | Lair:5   | Received a gift from Trog
 17642 | Lair:6   | Entered Level 6 of the Lair of Beasts
 17769 | Lair:6   | Found a staircase to the Slime Pits.
 18566 | Lair:6   | Noticed a dire elephant
 18566 | Lair:6   | Noticed a dire elephant
 18624 | Lair:6   | Reached XP level 14. HP: 42/139 MP: 13/13
 19611 | Lair:6   | Reached skill level 20 in Fighting
 19940 | D:1      | Bought the +8 demon trident "Rift" {distort, reach+} for
                  | 1098 gold pieces
 19940 | D:1      | Found the +8 demon trident "Rift" {distort, reach+}
 20757 | D:12     | Received a gift from Trog
 20824 | D:12     | Found a staircase to the Orcish Mines.
 21347 | Orc:1    | Entered Level 1 of the Orcish Mines
 21366 | Orc:1    | Found Iujus's Incredible Inventory.
 21376 | Orc:1    | Bought 3 scrolls of identify for 108 gold pieces
 21800 | Orc:2    | Entered Level 2 of the Orcish Mines
 21834 | Orc:2    | Reached skill level 15 in Armour
 21840 | Orc:2    | Found a staircase to the Elven Halls.
 21871 | Orc:2    | Found Zoxt's Self-Improvement Boutique.
 22054 | Orc:2    | Received a gift from Trog
 22495 | Orc:2    | Found Dixkov's General Store.
 22536 | Orc:2    | Found Otetiad's Distillery.
 23396 | Orc:2    | Received a gift from Trog
 23411 | Orc:2    | Reached skill level 21 in Fighting
 23728 | Orc:2    | Reached XP level 15. HP: 143/154 MP: 14/14
 23737 | Orc:2    | Found Iggakk's Antique Armour Boutique.
 23737 | Orc:2    | Found a one-way gate leading to the halls of Pandemonium.
 23737 | Orc:2    | Found Foito's Book Shop.
 24437 | D:13     | Noticed Nessos
 24442 | D:13     | Banished Nessos
 24528 | D:13     | Found a gate leading to a gauntlet.
 24535 | Gauntlet | Entered a Gauntlet
 24535 | Gauntlet | Found a transporter.
 24535 | Gauntlet | Found a transporter.
 24539 | Gauntlet | Found a transporter.
 24539 | Gauntlet | Found a transporter.
 24541 | Gauntlet | Found a transporter.
 24553 | Gauntlet | Found a transporter.
 24553 | Gauntlet | Found a transporter.
 24555 | Gauntlet | Found a large runed translucent door.
 24556 | Gauntlet | Found a transporter.
 24556 | Gauntlet | Found a transporter.
 24556 | Gauntlet | Found a large runed translucent door.
 24557 | Gauntlet | Found a large runed translucent door.
 24557 | Gauntlet | Found a large runed translucent door.
 24557 | Gauntlet | Found a runed translucent door.
 24557 | Gauntlet | Found a runed translucent door.
 24558 | Gauntlet | Found a large runed translucent door.
 24558 | Gauntlet | Found a large runed translucent door.
 24558 | Gauntlet | Found a large runed translucent door.
 24558 | Gauntlet | Found a large runed translucent door.
 24559 | Gauntlet | Found a large runed translucent door.
 24560 | Gauntlet | Found a large runed translucent door.
 24561 | Gauntlet | Found a large runed translucent door.
 24561 | Gauntlet | Found a large runed translucent door.
 24562 | Gauntlet | Found a large runed translucent door.
 24562 | Gauntlet | Found a large runed translucent door.
 24563 | Gauntlet | Found a runed translucent gate.
 24563 | Gauntlet | Found a runed translucent gate.
 24563 | Gauntlet | Found a runed translucent gate.
 24565 | Gauntlet | Found a transporter.
 24575 | Gauntlet | Found a large runed translucent door.
 24576 | Gauntlet | Found a large runed translucent door.
 24588 | Gauntlet | Found a transporter.
 24667 | Gauntlet | Found a transporter.
 24822 | Gauntlet | Reached skill level 10 in Polearms
 24854 | Gauntlet | Identified the amulet of Okeb {Acrobat -Tele rC+++ rCorr
                  | Str+2}
 24862 | Gauntlet | Identified the ring of Plog {Will+ Int+5}
 24887 | Gauntlet | Identified the +6 shortbow "Tyxzush" {vorpal, *Slow rC+
                  | Str+2}
 24887 | Gauntlet | Identified the ring "Taopig" {rPois Will+ Dex+4 Slay+4}
 24914 | Gauntlet | Identified the +1 ring mail "Aroqyq" {-Cast Harm Str+3
                  | Dex+2}
 25715 | D:14     | Found a glowing silver altar of Zin.
 25794 | D:14     | You fall into a shaft and drop 1 floor!
 25794 | D:15     | Entered Level 15 of the Dungeon
 25836 | D:15     | Reached skill level 10 in Evocations
 25896 | D:15     | Found a basalt altar of Yredelemnul.
 26139 | D:14     | Reached skill level 22 in Fighting
 26396 | D:14     | Found a gate to the Vaults.
 26854 | Orc:2    | Bought a heavily runed plate armour for 896 gold pieces
 26854 | Orc:2    | Identified the +2 plate armour "Dyatash" {MP+9} (You bought
                  | it in a shop on level 2 of the Orcish Mines)
 27138 | Shoals:1 | Entered Level 1 of the Shoals
 27138 | Shoals:1 | Found Yzuiwk's Overcharged Wands.
 27582 | Shoals:1 | Noticed Nikola
 27583 | Shoals:1 | Noticed Mlioglotl
 27602 | Shoals:1 | Killed Mlioglotl
 27630 | Shoals:1 | Killed Nikola
 27968 | Shoals:1 | Noticed Jorgrun
 27980 | Shoals:1 | Killed Jorgrun
 28387 | Shoals:2 | Reached XP level 16. HP: 168/170 MP: 15/15
 28427 | Shoals:2 | Noticed Ilsuiw
 28783 | Shoals:1 | Killed Ilsuiw
 28784 | Shoals:1 | Reached skill level 1 in Throwing
 28950 | Shoals:2 | Noticed Donald
 28962 | Shoals:2 | HP: 5/256 [faun/sling bullet[a satyr] (8)]
 28963 | Shoals:2 | HP: 2/256 [poisoned by Donald]
 28965 | Shoals:2 | Succumbed to Donald's poison

Illustrated notes

Levels and vault maps discovered:
D:1:      dpeg_arrival_solitude, layout_rooms, serial_shops, shop,
          corner_web_ring
D:2:      layout_basic, minmay_lizard_pond
D:3:      layout_rooms, hellmonk_ecumenical_altar_pennies_from_heaven,
          dk_noncrumbling_2, uniq_robin
D:4:      layout_cave_pools, minitemple, grunt_temple_overflow_open,
          serial_shops, kennysheep_mini_moat
D:5:      layout_gridville, okawaru_ov_weapons_minmay,
          nemelex_spade_bored_becter, due_unseen_surprise
D:6:      wander_river, layout_loops_ring, minmay_temple_entry_poolview,
          uniq_crazy_yiuf_cottage, uniq_blork_the_orc
D:7:      layout_cave_pools, corexii_item_surrounded_by_moat,
          uniq_prince_ribbit1
D:8:      layout_gridville, led_sif_book, regret_index_temple_of_mockery,
          grunt_ministairs_2, uniq_pikel
D:9:      layout_roguey, enter_bailey_3
D:10:     layout_long_grid, general_overflow_altar, lair_entry_dummy,
          uniq_josephine, uniq_maurice
D:11:     layout_roguey, uniq_snorg
D:12:     layout_basic, erik_orc_2, eino_house_with_fridge
D:13:     layout_gridville, gauntlet_entry_generic, uniq_nessos
D:14:     layout_long_grid, hangedman_vaults_entry_quadrant_bands,
          serial_park_paths [serial_park_minivault_5x5_6], zin_academy
D:15:     hangedman_depths_entry_try_elsewhere_first, layout_irregular_city,
          old_standard_altar, uniq_azrael
Lair:1:   layout_loops_ring, grunt_megastairs_2, lemuel_fruit_fields
Lair:2:   layout_cave_shapes, elwin_shoals_entry_rocks
Lair:3:   layout_misc_corridors, dummy_snake_entry
Lair:4:   layout_cave_pods, infiniplex_staircase_pool
Lair:5:   layout_layer_cave, uniq_sonja
Lair:6:   due_jungle_book, layout_regular_city, nicolae_slime_entry_slimehenge
Shoals:1: layout_shoals, nicolae_shop_overcharged_wands, uniq_jorgrun,
          uniq_mlioglotl, uniq_nikola
Shoals:2: layout_shoals, uniq_ilsuiw, uniq_donald
Orc:1:    layout_caves, basic_altar, nicolae_alphabet_shops
Orc:2:    pf_orc_diabolical, layout_diamond_mine, nicolae_shop_self_help

Skill      XL: |  1  2  3  4  5  6  7  8  9 10 11 12 13 14 15 16 |
---------------+-------------------------------------------------+-----
Fighting       | 4 5 6 7 8 10 12 14 16 18 19 21 22 | 22.9
Armour         | 3 4 6 7 9 10 11 13 14 15 16 | 16.8
Dodging        | 3 4 5 6 8 9 10 | 10.0
Evocations     | 2 4 6 8 9 10 | 10.0
Polearms       | 4 7 9 11 | 11.9
Throwing       | 1 |  1.2
Axes           | |  3.6

Action                   |  1- 3 |  4- 6 |  7- 9 | 10-12 | 13-15 | 16-18 || total
-------------------------+-------+-------+-------+-------+-------+-------++-------
Melee: Hand axe          |    18 |       |       |       |       |       ||    18
       Headbutt          |     6 |    22 |    73 |   113 |   145 |     3 ||   362
       Whip              |    35 |   105 |   310 |   377 |       |       ||   827
       Punch             |       |       |     6 |    10 |     6 |       ||    22
       Demon trident     |       |       |       |    75 |   693 |    56 ||   824
       War axe           |       |       |       |    62 |       |       ||    62
       Bardiche          |       |       |       |    52 |   300 |       ||   352
Throw: Javelin           |       |       |       |    13 |    18 |     2 ||    33
Invok: Berserk           |       |     2 |     2 |     7 |     9 |       ||    20
       Trog's Hand       |       |       |     3 |     4 |     6 |     1 ||    14
       Brothers in Arms  |       |       |       |       |     5 |       ||     5
Evoke: Wand              |       |     2 |       |     1 |     3 |     3 ||     9
       Condenser vane    |       |       |       |       |       |     1 ||     1
  Use: Scroll            |     3 |     1 |     3 |     9 |    16 |       ||    32
       Potion            |       |       |       |     1 |     3 |     2 ||     6
Armor: Chain mail        |    17 |    16 |   197 |    96 |       |       ||   326
       Ring mail         |       |    35 |       |       |       |       ||    35
       Plate armour      |       |       |       |   383 |   510 |    41 ||   934
Dodge: Dodged            |    20 |    63 |   219 |   481 |   477 |    16 ||  1276
